Cogmind - Beta 14 @@@ ROGUE MODE // 2025.01.02 @ 02:03:09 Player: Serpag Result: Destroyed by G-47 Trooper with Particle Gun Performance ------------- Evolutions (0) 0 Regions Visited (1) 200 Robots Destroyed (10) 50 Value Destroyed (268) 268 Prototype IDs (0) 0 Alien Tech Used (0) 0 Bonus (0) 0 TOTAL SCORE: 518 Bonus ------- None Cogmind --------- Core Integrity 0/250 Matter 247/300 Energy 300/300 System Corruption 0% Temperature Cool (9) Movement Walking (400) Ox4 Location -10/Materials Parts ------- > --- POWER (1) -------- (None) > --- PROPULSION (2) --- Aluminum Leg > --- UTILITY (2) ------ High-capacity Storage Unit Large Battery > --- WEAPON (2) ------- Light Assault Rifle > --- INVENTORY (20) --- Light Ion Engine Aluminum Leg Aluminum Leg Aluminum Leg Aluminum Leg Aluminum Leg Aluminum Leg Peak State ------------ > --- POWER ------------ Ion Engine > --- PROPULSION ------- Aluminum Leg Aluminum Leg > --- UTILITY ---------- Small Storage Unit High-capacity Storage Unit > --- WEAPON ----------- Small Laser Assault Rifle > --- INVENTORY -------- Light Ion Engine [Rating: 7] Favorites ----------- Power Ion Engine Engine Ion Engine Propulsion Aluminum Leg Leg Aluminum Leg Utility High-capacity Storage Unit Storage High-capacity Storage Unit Weapon Assault Rifle Energy Gun Small Laser Ballistic Gun Assault Rifle Build | -11 -10 ------- Run | Yrd Mat Slots Evolved . | . . Power . | . . Propulsion . | . . Utility . | . . Weapon . | . . Parts Attached 12 | 7 5 Power 2 | 2 . Engine 2 | 2 . Core . | . . Reactor . | . . Propulsion 3 | 2 1 Treads . | . . Leg 3 | 2 1 Wheel . | . . Hover . | . . Flight . | . . Utility 3 | 1 2 Device . | . . Storage 3 | 1 2 Processor . | . . Hackware . | . . Protection . | . . Artifact . | . . Weapon 4 | 2 2 Energy Gun 1 | 1 . Energy Cannon . | . . Ballistic Gun 3 | 1 2 Ballistic Cannon . | . . Launcher . | . . Special Weapon . | . . Impact Weapon . | . . Slashing Weapon . | . . Piercing Weapon . | . . Special Melee Weapon . | . . Unidentified Prototypes . | . . Parts Lost 6 | . 6 Power 1 | . 1 Propulsion 2 | . 2 Utility . | . . Weapon 3 | . 3 Highest Loss Streak 5 | . 5 To Critical Strikes . | . . Average Slot Usage (%) 81 | . 81 Engine 13 | . 13 Leg 24 | . 24 Storage 15 | . 15 Energy Gun 12 | . 12 Ballistic Gun 14 | . 14 Peak Build Rating 7 | 6 7 Average Rating 5 | 3 6 On Entrance 3 | . 6 Naked Turns . | . . Heaviest Build 49 | 13 49 Greatest Support 20 | 20 20 Greatest Overweight (x) 4 | . 4 Average Overweight (x) 1 | . 2 Largest Inventory Capacity 20 | 8 20 Average Capacity 18 | 6 19 Most Carried 10 | 5 10 Average Carried 5 | 1 5 Final Capacity 20 | 8 20 Final Carried 7 | 1 7 Class Distribution -------------------- 100% | Mutant Dominant Class ---------------- Mutant | -10/Materials Resources | -11 -10 ----------- Run | Yrd Mat Matter Collected 377 | 224 153 Remotely . | . . Salvage Created 468 | . 468 Parts 25 | . 25 Haulers Intercepted . | . . Recyclers Shooed 1 | . 1 Parts Field Recycled . | . . Retrieved Matter . | . . Parts Self-Destructed . | . . Prevented . | . . Kills | -11 -10 ------- Run | Yrd Mat Combat Hostiles Destroyed 7 | . 7 Guns 7 | . 7 Classes Destroyed 3 | . 3 Builder 1 | . 1 Recycler 2 | . 2 Grunt 7 | . 7 Best Kill Streak 3 | . 3 Combat Bots Only 2 | . 2 Max Kills in Single Turn 1 | . 1 Gunslinging . | . . Exploded . | . . Melee . | . . Uniques/NPCs Destroyed . | . . Combat | -11 -10 -------- Run | Yrd Mat Hostile Shots Fired 111 | . 111 Missed 30 | . 30 Damage Taken 964 | . 964 Core 265 | . 265 Absorbed by Shields . | . . Core Remaining (%) 100 | 100 . Volleys Fired 50 | . 50 Largest 2 | . 2 Hottest 60 | . 60 Shots Fired 88 | . 88 Gun 88 | . 88 Cannon . | . . Launcher . | . . Special . | . . Kinetic 56 | . 56 Thermal 32 | . 32 Explosive . | . . Electromagnetic . | . . Robot Hit Streak 9 | . 9 Robot Miss Streak 6 | . 6 Penetration Max . | . . Secondary Targets 1 | . 1 Max Gunslinging Chain 1 | . 1 Shots Hit Robots 53 | . 53 Core Hits 22 | . 22 Critical Kills . | . . Critical Parts Destroyed . | . . Critical Strikes . | . . Melee Attacks . | . . Impact . | . . Slashing . | . . Piercing . | . . Sneak Attacks . | . . Combat Hostiles . | . . Follow-up Attacks . | . . Damage Inflicted 619 | . 619 Guns 619 | . 619 Cannons . | . . Explosions . | . . Melee . | . . Ramming . | . . Kinetic 432 | . 432 Thermal 187 | . 187 Explosive . | . . Electromagnetic . | . . Impact . | . . Slashing . | . . Piercing . | . . Highest Corruption . | . . Average Corruption . | . . Corruption Purged . | . . Corruption Blocked . | . . Overload Shots . | . . Overflow Damage . | . . Projectiles . | . . Explosions . | . . Melee . | . . Knockbacks . | . . Impact . | . . Kinetic . | . . Secondary . | . . Self-Inflicted Damage . | . . Shots . | . . Rammed . | . . Targets Rammed . | . . Kicked . | . . Crushed . | . . Highest Temperature 69 | . 69 Average Temperature 28 | . 28 Received Heat Transfer 492 | . 492 Siege Activations . | . . Robots Corrupted . | . . Combat Hostiles . | . . Parts Fried . | . . Impact Corruptions . | . . Robots Melted . | . . Combat Hostiles . | . . Parts Melted . | . . Heat Transferred 425 | . 425 Parts Sabotaged . | . . Parts Stolen . | . . Parts Stripped . | . . Power Chain Reactions . | . . Alert | -11 -10 ------- Run | Yrd Mat Peak Influence 105 | . 105 Initial . | . . Average 35 | . 37 Maximum Alert Level . | . . Low Security (%) 100 | 100 100 Level 1 . | . . Level 2 . | . . Level 3 . | . . Level 4 . | . . Level 5 . | . . High Security . | . . Max Security . | . . Squads Dispatched 2 | . 2 Investigation 1 | . 1 Extermination . | . . Reinforcement 1 | . 1 Assault . | . . Garrison . | . . Intercept . | . . Searches Triggered . | . . Construction Impeded . | . . Haulers Reinforced . | . . Active Scanning Responses . | . . Cargo Convoy Interrupts . | . . Stealth | -11 -10 --------- Run | Yrd Mat Distress Signals 2 | . 2 Communications Jammed . | . . Distress Signals . | . . Times Spotted 19 | . 19 Peak Tracking Total 5 | . 5 Tactical Retreats 1 | . 1 Traps | -11 -10 ------- Run | Yrd Mat Traps Triggered 1 | . 1 Indirectly . | . . Trap Hack Attempts . | . . Triggered . | . . Disarmed . | . . Reprogrammed . | . . Reused . | . . Traps Extracted . | . . Installed . | . . Triggered . | . . Machines | -11 -10 ---------- Run | Yrd Mat Machines Disabled . | . . Max in Single Turn . | . . Machines Repaired . | . . Machines Dismantled . | . . Machines Sabotaged . | . . Overloaded Fab Kills . | . . Hacking | -11 -10 --------- Run | Yrd Mat Machines Accessed . | . . Terminals . | . . Fabricators . | . . Repair Stations . | . . Recycling Units . | . . Scanalyzers . | . . Garrison Access . | . . Total Hacks . | . . Successful . | . . Failed . | . . Catastrophic . | . . Database Lockouts . | . . Manual . | . . Terminals . | . . Fabricators . | . . Repair Stations . | . . Recycling Units . | . . Scanalyzers . | . . Garrison Access . | . . Terminal Hacks . | . . Fabricator Hacks . | . . Repair Station Hacks . | . . Recycling Unit Hacks . | . . Scanalyzer . | . . Garrison Access Hacks . | . . Unauthorized Hacks . | . . Terminals . | . . Fabricators . | . . Repair Stations . | . . Recycling Units . | . . Scanalyzers . | . . Garrison Access . | . . Data Cores Recovered . | . . Used . | . . Hacking Detections . | . . Full Trace Events . | . . Feedback Events . | . . Feedback Blocked . | . . Robot Schematics Acquired . | . . Robots Built . | . . Authchips . | . . Time . | . . Total Robot Build Rating . | . . Part Schematics Acquired . | . . Parts Built . | . . Authchips . | . . Time . | . . Total Part Build Rating . | . . Parts Repaired . | . . Time . | . . Parts Recycled . | . . Recycled Matter . | . . Retrieved Matter . | . . Retrieved Components . | . . Parts Scanalyzed . | . . Part Schematics Acquired . | . . Parts Damaged . | . . Bothacking | -11 -10 ------------ Run | Yrd Mat Used RIF Installer . | . . Robots Hacked . | . . Non-combat . | . . Combat . | . . Robot Hacks Applied . | . . Relay Couplers Released . | . . Fabnet Peak Effective % . | . . Robots Rewired . | . . Allies Hacked . | . . Hacks Repelled . | . . Allies | -11 -10 -------- Run | Yrd Mat Total Allies . | . . Largest Group . | . . Highest-Rated Group . | . . Highest-Rated Ally . | . . Total Orders . | . . Ally Attacks . | . . Total Damage . | . . Kills . | . . Allies Corrupted . | . . Allies Melted . | . . Intel | -11 -10 ------- Run | Yrd Mat Robot Analysis Total . | . . Derelict Logs Recovered . | . . Drone Launches . | . . Drone Recoveries . | . . Exploration | -11 -10 ------------- Run | Yrd Mat Turns Passed 742 | 53 689 Spaces Moved 244 | 44 200 Core 18 | 18 . Treads . | . . Legs 226 | 26 200 Wheels . | . . Hover . | . . Flight . | . . Fastest Speed 50 | 50 120 Average Speed 237 | 91 269 Slowest Speed 400 | 120 400 Overloaded Moves . | . . Propulsion Burnouts . | . . Robots Hopped . | . . Cave-ins Triggered . | . . Exploration Rate (%) 23 | 4 42 Regions Visited 1 Branch Regions . Pre-discovered Areas . | . . Known Exits Taken . | . . Unknown Exits Taken 1 | 1 . Scrap Searched . | . . Spaces Dug . | . . Terrain Destroyed . | . . Melee . | . . Projectile . | . . AOE . | . . Terrain Rammed . | . . Walls Destroyed . | . . Machines Disabled . | . . Actions | -11 -10 --------- Run | Yrd Mat Total 322 | 55 267 Wait . | . . Move 243 | 43 200 Hop . | . . Pick Up 16 | 5 11 Fast Attach 2 | 2 . Attach 9 | 4 5 Detach . | . . Swap 1 | 1 . Drop 1 | . 1 Fire 50 | . 50 Melee . | . . Ram . | . . Kick . | . . Crush . | . . Escape Stasis . | . . Rewire . | . . Trap . | . . Miscellaneous . | . . Route ------- -11/Scrapyard -10/Materials History --------- Turn | Location | Event 10 | -11/Scrapyard | Discovered new exit (range 15) 54 | -11/Scrapyard | Entered Materials 317 | -10/Materials | Build established: Mutant 693 | -10/Materials | Core integrity fell below 50% 701 | -10/Materials | Core integrity fell below 20% 743 | -10/Materials | Destroyed by G-47 Trooper with Particle Gun Last Messages --------------- 00684_ S-10 Pest destroyed. 00685_ R-06 Scavenger collects Flight Unit. 00691_ R-06 Scavenger collects Lgt. Ion Engine. 00692_ Critical hit (Burn: +37). 00696_ S-10 Pest destroyed. 00702_ Assault Rifle destroyed. 00704_ G-34 Mercenary destroyed. 00712_ R-06 Scavenger collects Terrain Scan Processor. 00715_ K-01 Serf collects debris. 00717_ Aluminum Leg destroyed. 00730_ K-01 Serf collects debris. 00731_ Acquired Lgt. Assault Rifle. 00732_ Ion Engine destroyed. 00733_ R-06 Scavenger destroyed. 00733_ Switching to secondary target: G-47 Trooper. 00738_ K-01 Serf collects debris. 00739_ Lgt. Assault Rifle destroyed. 00742_ K-01 Serf collects debris. Map ----- +----------------------------------------------------+ | | | | | ?????????????????????????????????????????????????? | | ?????????????????????????????????????????????????? | | ?????????????????????????????????????????????????? | | ?????????????????????????????????????????????????? | | ?????????????????????????????????????????????????? | | ?????????????????????????????????????????????????? | | ?????????????????????????????????????????????????? | | ?????????????????????????????????????????????????? | | ?????????????????????????????????????????????????? | | ????????????????????????????????????????????????## | | ???????????????????????????????????????????????? | | ???????????????????????????????????????????????? | | ???????????????????????????????????????????????? | | ????????????????????????????????????????????????# | | ????????????????????????????????????????????????# | | ?????????????????????????????????????########???#! | | ?????????????????????????????????????#!!]]!!#???#% | | ?????????????????????????????????????#!!]]!!#???#= | | ?????????????????????????????????????# #???#[ | | ???????????????????????????????????????# ##### | | ???????????????????????????????????????# * | | ??????????????????????????????########?# ! | | ?????????????????????########## """ !#?# | | ?????????????????????# @ # """ #?# ! | | ???????????????"?????# # """ #?# ! | | ??????????????""" ??# g # #?# ! | | ???????????? """ =#* !=s # #?# | | ???????????? " *%+%==%! # #?# | | ??????????# %#k=%= ####+##### | | ??????????? #= + % """ | | ??????????? #######?# #### """ | | ?????????????????????# #??# """ | | ?????????????????????##########??# """ | | ?????????????????????????????????# | | ?????????????????????????????????# | | ?????????????????????????????????############# | | ?????????????????????????????????????????????# | | ?????????????????????????????????????????????# | | ?????????????????????????????????????????????# | | ?????????????????????????????????????????????##### | | ?????????????????????????????????????????????????? | | ?????????????????????????????????????????????????? | | ?????????????????????????????????????????????????? | | ?????????????????????????????????????????????????? | | ?????????????????????????????????????????????????? | | ?????????????????????????????????????????????????? | | ?????????????????????????????????????????????????? | | ???????????????????????????????????????????####### | +----------------------------------------------------+ Best States ------------- Heat Dissipation 25 Energy Generation 10 Energy Capacity 450 Matter Stores 300 Matter Capacity 300 Sight Range 16 Terrain Scan Density 10 Evasion (%) 55 Item Schematics ----------------- None Robot Schematics ------------------ None Fabricated ------------ Nothing Alien Tech Used ----------------- None Achievements -------------- None Challenges ------------ None Game ------ Seed CookieTheDog Manual? 1 Play Time 00:05:46 Cumulative 2.1 hours Start 2025.01.02 @ 01:46:44 End 2025.01.02 @ 02:03:09 Sessions 1 Manual Loads 0 Difficulty Rogue Special Mode None Game No. 7 Rogue 7 Adventurer 0 Explorer 0 Win Type - Total 0 Types 0/0/0/0/0/0/0/0/0 Lore% 1 Gallery% 4 Achievement% 6 Wizard Run 0 Options --------- Layout 1 ASCII 0 Keyboard 0 Movement Mouse Keybinds 0 Fullscreen 2 Font 24/Smallcaps Map View 50x35 Zoom Use 0% Tactical HUD 1 Map Filters NONE Filters NONE Steam 1 RUN: f60cf173-dc8d-4851-8ee1-cfcfa77f6476